 Dungeon Crawl Stone Soup version 0.29.1-15-g9cfb28693d (webtiles) character file.

Game seed: 3011573052386242703

39 redmage the Digger (level 3, -2/26 HPs)
             Began as a Meteoran Earth Elementalist on Sept 7, 2023.
             Slain by a scorpion (5 damage)
             ... on level 4 of the Dungeon.
             The game lasted 00:03:47 (304 turns).

redmage the Digger (Meteoran Earth Elementalist)     Turns: 304, Time: 00:03:48

Health: -2/26      AC:  2    Str:  9    XL:     3   Next: 94%
Magic:  0/8        EV: 12    Int: 19    God:
Gold:   53         SH:  0    Dex: 14    Spells: 2/8 levels left

rFire   . . .      SeeInvis .   g - +1 dagger (speed)
rCold   . . .      Faith    .   (no shield)
rNeg    . . .      Spirit   .   a - +0 robe
rPois   .          Reflect  .   (no helmet)
rElec   .          Harm     .   (no cloak)
rCorr   .          Rampage  .   (no gloves)
Will    .....                   (no boots)
Stlth   +.........              (no amulet)
HPRegen 0.08/turn               (no ring)
MPRegen 0.11/turn               (no ring)

@: lethally poisoned (-2 -> -17), glowing
A: sense surroundings 1, otherworldly, glowing, explore regen
a: no special abilities


You were on level 4 of the Dungeon.
You visited 1 branch of the dungeon, and saw 4 of its levels.

You collected 53 gold pieces.

Inventory:

Hand Weapons
 g - a +1 dagger of speed (weapon)
Armour
 a - a +0 robe (worn)
Wands
 d - a wand of flame (15)
Scrolls
 c - 2 scrolls of poison {unknown}
 e - a scroll of enchant armour {unknown}
 f - a scroll of fog {unknown}
Potions
 b - a potion of magic


   Skills:
 - Level 2.7 Dodging
 - Level 1.6 Stealth
 + Level 3.4 Spellcasting
 - Level 1.7 Transmutations
 + Level 4.2 Earth Magic


You had 2 spell levels left.
You knew the following spells:

 Your Spells              Type           Power      Damage    Failure   Level
a - Sandblast             Erth           38%        2d10      2%          1
b - Passwall              Tmut/Erth      11%        N/A       6%          2
c - Stone Arrow           Conj/Erth      22%        3d8       19%         3

Your spell library contained the following spells:

 Spells                   Type           Power      Damage    Failure   Level
 Petrify                  Tmut/Erth      14%        N/A       38%         4


Dungeon Overview and Level Annotations

Branches:
Dungeon (4/15) Zot: 2075
 Temple: D:4-7

Altars:


Innate Abilities, Weirdness & Mutations

You passively map a small area around you.
You are easily found by Zot.
You glow in the dark.
You regain HP and MP as you explore.


Message History

The scorpion barely misses you.
Unknown command.
Casting: Sandblast (safe; 2% risk of failure)
Confirm with . or Enter, or press ? or * to list all spells.
Aiming: Sandblast (safe; 2% risk of failure)
Press: ? - help, Shift-Dir - straight line, f/p - scorpion
Aim: a scorpion (heavily wounded, 82% to hit)
The blast of sand hits the scorpion but does no damage.
The scorpion is heavily wounded.
The scorpion stings you. x2
You are poisoned.
The scorpion poisons you!
Casting: Sandblast (safe; 2% risk of failure)
Confirm with . or Enter, or press ? or * to list all spells.
Aiming: Sandblast (safe; 2% risk of failure)
Press: ? - help, Shift-Dir - straight line, f/p - scorpion
Aim: a scorpion (heavily wounded, 82% to hit)
The blast of sand hits the scorpion.
The scorpion is severely wounded.
You feel very sick. The scorpion barely misses you. The scorpion stings you.
Casting: Sandblast (safe; 2% risk of failure)
Confirm with . or Enter, or press ? or * to list all spells.
Aiming: Sandblast (safe; 2% risk of failure)
Press: ? - help, Shift-Dir - straight line, f/p - scorpion
Aim: a scorpion (severely wounded, 82% to hit)
The blast of sand misses the scorpion.
You feel sick. The scorpion stings you.
You are lethally poisoned!
The scorpion poisons you!
The scorpion stings you but does no damage.
Casting: Sandblast (safe; 2% risk of failure)
Confirm with . or Enter, or press ? or * to list all spells.
Aiming: Sandblast (safe; 2% risk of failure)
Press: ? - help, Shift-Dir - straight line, f/p - scorpion
Aim: a scorpion (severely wounded, 82% to hit)
The blast of sand misses the scorpion.
* * * LOW HITPOINT WARNING * * *
You feel very sick. The scorpion stings you.
You die...

* * , ###* , , ,
,... , * ###.## *
* * * * * #....# *
** #<# ,* ! , *
#.#, * ..[ ##.# *
.....#######.#...#
......s@....##.#.#
......).####.#.. #
.#?#.##.# #.#.# *
.. #.. .#.# ,,...
###* *#.# ##, .# *
* ,,,, * * *


You could see a scorpion.

Vanquished Creatures
  A dart slug (D:1)
  2 orcs
  2 bats (D:1)
  3 endoplasms
  2 giant cockroaches (D:1)
  10 goblins
  5 hobgoblins
  A kobold (D:2)
  2 rats
28 creatures vanquished.

Notes
Turn   | Place    | Note
-------+----------+-------------------------------------------
     0 | D:1      | redmage the Meteoran Earth Elementalist began the quest for
                  | the Orb.
     0 | D:1      | Reached XP level 1. HP: 14/14 MP: 5/5
    34 | D:1      | Reached XP level 2. HP: 20/20 MP: 2/6
    73 | D:1      | Learned a level 2 spell: Passwall
    92 | D:1      | HP: 1/20 [hobgoblin (1)]
   155 | D:2      | Reached XP level 3. HP: 26/26 MP: 6/8
   159 | D:2      | Learned a level 3 spell: Stone Arrow
   160 | D:2      | Found a faded altar of an unknown god.
   249 | D:4      | Reached skill level 4 in Earth Magic
   297 | D:4      | Noticed a scorpion
   304 | D:4      | Slain by a scorpion

Illustrated notes

Levels and vault maps discovered:
D:1:      evilmike_arrival_crescent, layout_basic
D:2:      layout_basic, hellmonk_ecumenical_altar_run_dry
D:3:      layout_loops_ring, minmay_cut_off, uniq_ijyb
D:4:      layout_loops_ring, minitemple, uniq_robin, uniq_sigmund,
          uniq_eustachio

Skill      XL: |  1  2  3 |
---------------+----------+-----
Spellcasting   | 3 |  3.4
Earth Magic    | 4 |  4.2
Dodging        | |  2.7
Stealth        | |  1.6
Transmutations | |  1.7

Action                   || total
-------------------------++-------
Melee: Unarmed           ||    19
 Cast: Sandblast         ||    40
       Passwall          ||     3
Armor: Robe              ||     4
Dodge: Dodged            ||    20
